 Dungeon Crawl Stone Soup version 0.23-a0-358-g98c7a59 (webtiles) character file.

233 Firecrotchwizard the Conjurer (level 5, -1/38 HPs)
             Began as a Draconian Conjurer on Oct 22, 2018.
             Slain by a centaur
             ... wielding a cursed -3 shortbow
              (7 damage)
             ... on level 3 of the Dungeon.
             The game lasted 00:13:19 (3462 turns).

Firecrotchwizard the Conjurer (Draconian Conjurer)  Turns: 3462, Time: 00:13:20

Health: -1/38      AC:  5    Str: 10    XL:     5   Next: 75%
Magic:  2/9        EV: 12    Int: 17    God:
Gold:   82         SH:  0    Dex: 11    Spells: 7/10 levels left

rFire    . . .     SeeInvis .   p - +1 mace (holy)
rCold    . . .     Gourm    .   (no shield)
rNeg     . . .     Faith    .   (armour unavailable)
rPois    .         Spirit   .   (helmet restricted)
rElec    .         Reflect  .   (no cloak)
rCorr    .         Harm     .   (no gloves)
MR       .....                  (no boots)
Stlth    ++........             (no amulet)
HPRegen  0.12/turn              (no ring)
MPRegen  0.11/turn              (no ring)

@: no status effects
A: unfitting armour, cold-blooded, AC +5
a: no special abilities


You were on level 3 of the Dungeon.
You were not hungry.

You visited 1 branch of the dungeon, and saw 3 of its levels.

You collected 82 gold pieces.

Inventory:

Hand Weapons
 a - a +0 whip
   (You found it on level 1 of the Dungeon)
 p - a +1 mace of holy wrath (weapon)
   (You took it off an orc on level 3 of the Dungeon)
Missiles
 f - 3 tomahawks (quivered)
Scrolls
 c - a scroll of enchant weapon {unknown}
 d - 4 scrolls of identify {unknown}
 e - a scroll of blinking {unknown}
 g - a scroll of remove curse {unknown}
 h - a scroll of magic mapping {unknown}
 i - a scroll of fog {unknown}
 j - a scroll of amnesia {unknown}
 k - 2 scrolls of teleportation {unknown}
 l - a scroll of random uselessness {unknown}
Potions
 m - a potion of invisibility {unknown}
 n - a potion of curing {unknown}
 q - 2 potions of lignification {unknown}
Comestibles
 b - 4 rations
 o - 10 chunks of flesh {@w0}


   Skills:
 - Level 1.7 Dodging
 + Level 3.3 Stealth
 + Level 3.2 Spellcasting
 * Level 5.7 Conjurations


You had 7 spell levels left.
You knew the following spells:

 Your Spells              Type           Power        Failure   Level  Hunger
a - Magic Dart            Conj           ###.         1%          1    None
b - Searing Ray           Conj           ###...       2%          2    ##.....

Your spell library contained the following spells:

 Spells                   Type           Power        Failure   Level  Hunger
 Dazzling Spray           Conj/Hex       ##....       16%         3    ###....
 Iskenderun's Mystic Bla  Conj           ###.....     16%         4    ####...
 Force Lance              Conj/Tloc      ##......     45%         4    ####...
 Fulminant Prism          Conj/Hex       ##........   45%         4    ####...


Dungeon Overview and Level Annotations

Branches:
Dungeon (3/15)

Altars:

Annotations:
D:2 exclusion: downstairs


Innate Abilities, Weirdness & Mutations

Your plain brown scales are hard. (AC +5)
You cannot fit into any form of body armour.
You are cold-blooded and may be slowed by cold attacks.


Message History

Aim: an orc, wielding a runed mace The magic dart hits the orc.
You now have 8/9 mp.
Aim: an orc, wielding a runed mace (heavily wounded)
The magic dart hits the orc.
You kill the orc!
You now have 7/9 mp.
Aim: a rat The magic dart hits the rat.
You now have 6/9 mp.
The rat bites you but does no damage.
You see here a bat corpse.
You hit the rat.
You kill the rat!
Things that are here:
a runed mace; an orc corpse You butcher the orc corpse.
o - 5 chunks of flesh {@w0} (gained 2)
Things that are here:
a runed mace; an orc skeleton Health restored: 38
p - a runed mace Your +1 mace of holy wrath softly glows with a divine radiance!
p - a +1 mace of holy wrath (weapon)
You butcher the bat corpse.
o - 6 chunks of flesh {@w0} (gained 1)
You see here a bat skeleton. x2
q - 2 dark potions You see here an orc skeleton.
You see here a bat skeleton.
There is a large open door here.
There is a large open door here.
An orc comes into view. It is wielding a +0 trident.
The orc shouts!
MP restored: 9 An orc is nearby!
A ball python comes into view.
An orc comes into view.
It is wielding a +0 war axe of chopping.
The orc hits you from afar with a +0 trident.
You take 5 damage, and have 33/38 hp.
The ball python hisses angrily.
The orc shouts!
You hit the orc. The orc barely misses you. The orc misses you.
You hit the orc.
You kill the orc!
You hit the ball python.
You kill the ball python!
Aim: an orc, wielding a +0 war axe of chopping The magic dart hits the orc.
You now have 8/9 mp.
You don't know that spell.
Aim: an orc, wielding a +0 war axe of chopping (moderately wounded)
The magic dart hits the orc.
The orc barely misses you.
You now have 7/9 mp.
Aim: an orc, wielding a +0 war axe of chopping (heavily wounded)
The magic dart hits the orc.
You kill the orc!
You now have 6/9 mp.
Things that are here:
a +0 war axe of chopping; a +0 trident; an orc corpse You butcher the orc corpse.
o - 10 chunks of flesh {@w0} (gained 4)
Things that are here:
a +0 war axe of chopping; a +0 trident; an orc skeleton You start resting.
The centaur is too close now for your liking.
The centaur shouts!
The centaur wields a cursed -3 shortbow.
The centaur shoots an arrow.
The arrow hits you!
You see here an arrow.
You take 13 damage, and have 22/38 hp.
MASSIVE DAMAGE!!
You start resting.
The centaur is too close now for your liking.
The centaur hits you with a cursed -3 shortbow.
You see here an arrow.
You take 3 damage, and have 20/38 hp.
You hit the centaur but do no damage. The centaur barely misses you.
The centaur hits you with a cursed -3 shortbow.
You take 6 damage, and have 14/38 hp.
Aim: a centaur, wielding a -3 shortbow The searing ray misses the centaur. (Press . to maintain the ray.)
The centaur barely misses you.
You now have 6/9 mp.
The searing ray hits the centaur.
The centaur barely misses you.
You now have 5/9 mp.
The searing ray misses the centaur.
The centaur closely misses you. The centaur barely misses you.
You now have 4/9 mp.
The searing ray hits the centaur.
You finish channeling your searing ray.
The centaur hits you with a cursed -3 shortbow!
* * * LOW HITPOINT WARNING * * *
You take 8 damage, and have 6/38 hp.
MASSIVE DAMAGE!!
You now have 3/9 mp.
Aim: a centaur, wielding a -3 shortbow (heavily wounded)
The magic dart hits the centaur.
The centaur hits you with a cursed -3 shortbow!
You die...

#......# #.#.# # #......#
#...# # #......# #...# #
#.<....# #...# # ########
#...# # ..# #...####### #.#
##..##..... #.# #..##.....
.###.#####@########.##.....
.......).c.......(.........
...........................
.......###.......##.##.....
.###... #.......##..#.....
#... #.......##........
#... #.......''...#####
#... ##......##...# # #...
#......##...# #


You could see a centaur.

Vanquished Creatures
  A hound (D:2)
  2 orc priests
  An orc wizard (D:3)
  Terence (D:2)
  2 adders
  An ooze (D:1)
  3 worms
  2 dart slugs (D:1)
  A leopard gecko (D:3)
  6 orcs
  3 giant cockroaches
  6 goblins
  8 hobgoblins
  A ball python (D:3)
  5 bats
  3 frilled lizards (D:2)
  6 kobolds
  A quokka skeleton (D:3)
  4 rats
57 creatures vanquished.

Notes
Turn   | Place    | Note
-------+----------+-------------------------------------------
     0 | D:1      | Firecrotchwizard the Draconian Conjurer began the quest for
                  | the Orb.
     0 | D:1      | Reached XP level 1. HP: 14/14 MP: 3/3
    86 | D:1      | Reached skill level 2 in Stealth
    86 | D:1      | Reached XP level 2. HP: 10/20 MP: 1/5
   246 | D:1      | Learned a level 2 spell: Searing Ray
   998 | D:2      | Reached XP level 3. HP: 26/26 MP: 2/6
  1363 | D:2      | Reached XP level 4. HP: 33/33 MP: 3/7
  1476 | D:2      | Noticed Terence
  1535 | D:2      | Killed Terence
  1535 | D:2      | Reached skill level 5 in Conjurations
  1986 | D:3      | Noticed a centaur
  2365 | D:3      | Reached skill level 3 in Stealth
  2365 | D:3      | Reached XP level 5. HP: 38/38 MP: 4/9
  2673 | D:2      | Reached skill level 3 in Spellcasting
  2966 | D:2      | HP: 9/38 [orc/+0 falchion (4)]
  3461 | D:3      | HP: 6/38 [centaur/cursed -3 shortbow (9)]
  3462 | D:3      | Slain by a centaur

Vault maps used:
D:1:      minmay_arrival_doors
D:2:      uniq_terence
D:3:      cheibrodos_pilgrimage, first_ration, glass_columns_b

Skill      XL: |  1  2  3  4  5 |
---------------+----------------+-----
Stealth        | 2 3 |  3.3
Conjurations   | 5 |  5.7
Spellcasting   | 3 |  3.2
Dodging        | |  1.7

Action                   |  1- 3 |  4- 6 || total
-------------------------+-------+-------++-------
Melee: Unarmed           |    19 |       ||    19
       Tailslap          |     3 |    12 ||    15
       Whip              |    33 |   118 ||   151
       Mace              |       |     4 ||     4
Throw: Tomahawk          |       |     1 ||     1
 Cast: Magic Dart        |    18 |    33 ||    51
       Searing Ray       |     3 |     8 ||    11
 Stab: Sleeping          |     2 |     1 ||     3
  Eat: Chunk             |     2 |     2 ||     4
       Ration            |       |     2 ||     2
Armor: Skin              |    12 |    41 ||    53
Dodge: Dodged            |    37 |   109 ||   146

Table legend:
 A = Non-vault XP
 B = Vault XP
 C = Vault XP percentage of total XP
 D = Non-vault monster count
 E = Vault monster count
 F = Vault count percentage of total count
                 A         B        C        D         E       F
            +---------+---------+-------+---------+---------+-------
      Total |     165 |     169 |  50.6 |      50 |       7 |  12.3
            +---------+---------+-------+---------+---------+-------
        D:1 |      30 |       0 |   0.0 |      13 |       0 |   0.0
        D:2 |      82 |      82 |  50.0 |      17 |       3 |  15.0
        D:3 |      53 |      87 |  62.1 |      20 |       4 |  16.7
            +---------+---------+-------+---------+---------+-------

Vault maps used:
D:1:      minmay_arrival_doors
D:2:      uniq_terence
D:3:      cheibrodos_pilgrimage, first_ration, glass_columns_b

Table legend:
 A = Turns spent in this place as a percentage of turns spent in the entire game.
 B = Non-inter-level travel turns spent in this place as a percentage of non-inter-level travel turns spent in the entire game.
 C = Inter-level travel turns spent in this place as a percentage of turns spent in this place.
 D = Turns resting spent in this place as a percentage of non-inter-level travel turns spent in this place.
 E = Turns spent auto-exploring this place as a percentage of non-inter-level travel turns spent in this place.
 F = Non-inter-level travel turns spent in this place divided by the number of levels of this place that you've seen.
                   A       B       C       D       E      F
               +-------+-------+-------+-------+-------+----------------------
         Total | 100.0 | 100.0 |   1.8 |  48.4 |  30.3 | 1132.7
       Dungeon | 100.0 | 100.0 |   1.8 |  48.4 |  30.3 | 1132.7
               +-------+-------+-------+-------+-------+----------------------

Table legend:
 A = Kills in this place as a percentage of kills in entire the game.
 B = Kills by you in this place as a percentage of kills by you in the entire game.
 C = Kills by friends in this place as a percentage of kills by friends in the entire game.
 D = Other kills in this place as a percentage of other kills in the entire game.
 E = Experience gained in this place as a percentage of experience gained in the entire game.
 F = Experience gained in this place divided by the number of levels of this place that you have seen.
                   A       B       C       D       E      F
               +-------+-------+-------+-------+-------+----------------------
         Total | 100.0 | 100.0 |   N/A |   N/A | 100.0 | 111.3
       Dungeon | 100.0 | 100.0 |   N/A |   N/A | 100.0 | 111.3
               +-------+-------+-------+-------+-------+----------------------
